 Dungeon Crawl Stone Soup version 0.18.1-48-g4cf74bf (webtiles) character file.

109 Krovax3 the Skirmisher (level 4, 0/50 HPs)
             Began as an Ogre Hunter on July 29, 2016.
             Was an Initiate of Qazlal.
             Slain by Grinder (4 damage)
             ... on level 3 of the Dungeon.
             The game lasted 00:12:42 (2641 turns).

Krovax3 the Skirmisher (Ogre Hunter)                Turns: 2641, Time: 00:12:43

Health: 0/50       AC:  4    Str: 18    XL:     4   Next: 89%
Magic:  4/4        EV: 10    Int: 10    God:    Qazlal [......]
Gold:   200        SH:  0    Dex: 10    Spells: 0 memorised, 3 levels left

rFire  . . .     SeeInvis .     j - +0 club
rCold  . . .     Gourm    .     b - +1 robe
rNeg   . . .     Faith    .     (no shield)
rPois  .         Spirit   .     (helmet restricted)
rElec  .         Dismiss  .     (no cloak)
rCorr  .         Reflect  .     (gloves unavailable)
SustAt .         Harm     .     (boots unavailable)
MR     .....                    (no amulet)
Stlth  +.........               (no ring)
                                (no ring)

@: very slightly contaminated, hasted, very quick, not resistant to hostile
enchantments, very unstealthy
A: unfitting armour, tough skin 1
a: Renounce Religion


You were on level 3 of the Dungeon.
You worshipped Qazlal.
Qazlal was noncommittal.
You were not hungry.

You visited 1 branch of the dungeon, and saw 3 of its levels.

You collected 200 gold pieces.

Inventory:

Hand Weapons
 a - a +0 short sword
 j - a +0 club (weapon)
Armour
 b - a +1 robe (worn)
Jewellery
 t - a +2 ring of evasion {unknown}
Scrolls
 g - 4 scrolls of identify
 i - a scroll of teleportation
Potions
 e - a potion of flight {unknown}
 h - a potion of haste
 o - a potion of cancellation {unknown}
 p - a potion of magic {unknown}
 r - a potion of heal wounds {unknown}
Comestibles
 f - 2 bread rations
 m - 2 slices of pizza
 s - a meat ration


   Skills:
 * Level 5.3 Fighting
 + Level 3.1 Maces & Flails
 - Level 4.1 Throwing
 - Level 1.7 Dodging
 - Level 0.7 Stealth


You had 3 spell levels left.
You didn't know any spells.

Dungeon Overview and Level Annotations

Branches:
Dungeon (3/15)

Altars:
Pakellas
Qazlal

Annotations:
D:3 Grinder


Innate Abilities, Weirdness & Mutations

You are too large for most types of armour.
You have tough skin (AC +1).


Message History

Grinder is severely wounded.
Grinder gestures at you. You resist with significant effort.
You barely miss Grinder.
Grinder is severely wounded.
You hit Grinder.
Grinder is severely wounded.
Grinder closely misses you.
Okay, then.
You are too injured to fight recklessly!
You are too injured to fight recklessly!
You hit Grinder.
Grinder is almost dead.
Grinder hits you.
* * * LOW HITPOINT WARNING * * *
You writhe in agony. x2
You hit Grinder.
Grinder is almost dead.
Grinder hits you.
You die...

#.#. ... #.. #..
..## # #.
#.###.(##.####
#.#
#.............
#..### #@#
....##+###5##.###
#.............#
#.....##..#.#...
#.....###(# #
#.......#...
#.......##..#
#.......# ..#
##.....[# #.#


You could see Grinder.

Vanquished Creatures
  4 adders
  An ooze (D:2)
  A worm (D:2)
  2 dart slugs
  3 giant geckos
  3 giant cockroaches
  9 hobgoblins
  8 kobolds
  A quokka (D:2)
  A ball python (D:2)
  9 bats
  2 giant newts
  7 goblins
  A quokka skeleton (D:2)
  5 rats
57 creatures vanquished.

Vanquished Creatures (others)
  A giant gecko (D:1)
1 creature vanquished.

Grand Total: 58 creatures vanquished

Notes
Turn   | Place    | Note
--------------------------------------------------------------
     0 | D:1      | Krovax3 the Ogre Hunter began the quest for the Orb.
     0 | D:1      | Reached XP level 1. HP: 22/22 MP: 1/1
   304 | D:1      | Reached skill level 3 in Fighting
   447 | D:1      | Reached XP level 2. HP: 31/31 MP: 2/2
   541 | D:1      | Reached skill level 1 in Maces & Flails
  1184 | D:2      | Reached skill level 4 in Fighting
  1185 | D:2      | Reached XP level 3. HP: 39/39 MP: 3/3
  1948 | D:2      | Reached XP level 4. HP: 41/49 MP: 4/4
  2363 | D:2      | Reached skill level 5 in Fighting
  2435 | D:2      | Found an oddly glowing altar of Pakellas.
  2435 | D:2      | Found a stormy altar of Qazlal.
  2439 | D:2      | Became a worshipper of Qazlal Stormbringer
  2620 | D:3      | Noticed Grinder
  2629 | D:3      | Paralysed by Grinder for 4 turns
  2641 | D:3      | Slain by Grinder

Skill      XL: |  1  2  3  4 |
---------------+-------------+-----
Fighting       | 3 4 5 |  5.3
Maces & Flails | 1 2 3 |  3.1
Throwing       | |  4.1
Dodging        | |  1.7
Stealth        | |  0.7

Action                   |  1- 3 |  4- 6 || total
-------------------------+-------+-------++-------
Melee: Club              |   135 |    60 ||   195
       Short sword       |     3 |       ||     3
Throw: Large rock        |     9 |    17 ||    26
       Throwing net      |       |     2 ||     2
  Use: Potion            |     1 |     3 ||     4
       Scroll            |       |     4 ||     4
 Stab: Sleeping          |     1 |       ||     1
  Eat: Chunk             |     3 |     3 ||     6
Armor: Robe              |    52 |    17 ||    69
Dodge: Dodged            |   106 |    36 ||   142
